 Dungeon Crawl Stone Soup version 0.30-a0-12-gd8047c6341 (webtiles) character file.

Game seed: 16919748222673673275

456 CowFu the Trooper (level 6, -4/48 HPs)
             Began as a Demonspawn Fighter on Aug 23, 2022.
             Was a Believer of Qazlal.
             Killed from afar by a steam dragon (14 damage)
             ... with a ball of steam
             ... on level 5 of the Dungeon.
             The game lasted 00:03:55 (4382 turns).

CowFu the Trooper (Demonspawn Fighter)              Turns: 4382, Time: 00:03:55

Health: -4/48      AC: 10    Str: 19    XL:     6   Next: 77%
Magic:  8/8        EV: 13    Int:  9    God:    Qazlal [**....]
Gold:   125        SH:  2    Dex: 12    Spells: 5/5 levels left

rFire   . . .      SeeInvis .    a - +0 long sword
rCold   . . .      Faith    .    (no shield)
rNeg    . . .      Spirit   .    k - +0 chain mail
rPois   .          Reflect  .    (helmet restricted)
rElec   .          Harm     .    j - +0 cloak
rCorr   .          Rampage  .    (no gloves)
Will    .....                    (no boots)
Stlth   ..........               (no amulet)
HPRegen 0.16/turn                (no ring)
MPRegen 0.11/turn                (no ring)

@: agile
A: antennae 1, powered by pain 1, demonic touch 2
a: Renounce Religion, Upheaval


You were on level 5 of the Dungeon.
You worshipped Qazlal.
Qazlal was pleased with you.
You visited 1 branch of the dungeon, and saw 5 of its levels.

You collected 189 gold pieces.
You spent 64 gold pieces at shops.

Inventory:

Hand Weapons
 a - a +0 long sword (weapon)
Armour
 c - a +0 buckler
 j - a +0 cloak (worn)
 k - a +0 chain mail (worn)
Jewellery
 i - a ring of resist corrosion
 l - a +6 ring of intelligence
 u - an amulet of faith
 w - a ring of willpower
Scrolls
 h - a scroll of enchant weapon {unknown}
 o - a scroll of fog {unknown}
 r - a scroll of amnesia {unknown}
 s - 2 scrolls of immolation
 t - 5 scrolls of identify
 v - 2 scrolls of magic mapping {unknown}
 x - a scroll of teleportation {unknown}
 y - 2 scrolls of blinking {unknown}
 A - a scroll of noise {unknown}
 B - a scroll of fear {unknown}
 C - a scroll of summoning {unknown}
Potions
 b - a potion of haste
 d - a potion of might
 e - a potion of resistance {unknown}
 f - a potion of curing
 g - 3 potions of degeneration {unknown}
 m - 3 potions of heal wounds {unknown}
 n - a potion of lignification {unknown}
 p - a potion of flight {unknown}
 q - 2 potions of cancellation {unknown}
 z - a potion of mutation {unknown}


   Skills:
 - Level 4.0 Fighting
 + Level 3.4 Long Blades
 - Level 4.0 Armour
 + Level 2.4 Dodging
 - Level 3.1 Shields
 + Level 3.6 Invocations


You had 5 spell levels left.
You didn't know any spells.
Your spell library contained the following spells:

 Spells                   Type           Power      Damage    Failure   Level
 Static Discharge         Conj/Air       0%         3-3/arc   100%        2
 Ozocubu's Armour         Ice            0%         N/A       100%        3
 Dispel Undead            Necr           0%         3d6       100%        4
 Sticky Flame             Conj/Fire      0%         2d3       100%        4
 Ozocubu's Refrigeration  Ice            0%         4d7       100%        7


Dungeon Overview and Level Annotations

Branches:
Dungeon (5/15)             Temple (0/1) D:4

Altars:
Cheibriados
Dithmenos
Nemelex Xobeh
Qazlal

Shops:
D:4 *


Innate Abilities, Weirdness & Mutations

You have a pair of small antennae on your head.
You sometimes gain a little power by taking damage.
Your touch may inflict irresistible damage on your foes.


Message History

The steam dragon is moderately wounded.
The steam dragon bites you but does no damage.
The steam dragon claws you but does no damage.
You barely miss the steam dragon. Your touch misses the steam dragon.
You punch the steam dragon.
The steam dragon is moderately wounded.
The steam dragon bites you!
* * * LOW HITPOINT WARNING * * *
The steam dragon claws you.
* * * LOW HITPOINT WARNING * * *
You feel better.
The steam dragon bites you but does no damage.
The steam dragon claws you but does no damage.
The orc hits you but does no damage.
You feel better. The steam dragon breathes steam at you.
The ball of steam hits you.
* * * LOW HITPOINT WARNING * * *
The orc hits you but does no damage.
Okay, then.
As you read the scroll labelled NEITZO XYSOSCH, it crumbles to dust.
It is a scroll of identify.
s - 2 scrolls of immolation The steam dragon bites you but does no damage.
The steam dragon claws you.
* * * LOW HITPOINT WARNING * * *
The orc barely misses you.
You feel better. The orc barely misses you.
The steam dragon breathes steam at you. The ball of steam hits you!!
* * * LOW HITPOINT WARNING * * *
You focus on the pain.
You feel agile all of a sudden.
You feel better. The orc hits you but does no damage.
You block the steam dragon's attack. The steam dragon claws you.
* * * LOW HITPOINT WARNING * * *
A worm comes into view.
The steam dragon breathes steam at you. The ball of steam hits you!
You die...

......# #.# .w
......###.# #... .#
...#.<.##.# ...# #.##
.....#....# ##..# ......
..........# ... ......
...#......#.###O.
.(.....
......###.##...o##...§..
#####.....#.###D...§.§..
#.....##....@##.#.##
#...†)#.####§...#
#.....# ##.### #.....#
#.# #.....## ##.#
#......#####..#
#....#.......##
#....###>.#### ##...
##....#


You could see a two-headed ogre, a steam dragon (catching breath) and an orc.

Vanquished Creatures
  An ice beast (D:5)
  A phantom (D:5)
  A scorpion (D:4)
  A jelly (D:5)
  2 hounds (D:5)
  An iguana (D:5)
  3 gnolls (D:4)
  2 adders
  5 dart slugs
  6 orcs
  A ball python (D:1)
  4 bats
  7 endoplasms
  A giant cockroach (D:4)
  4 goblins
  2 hobgoblins
  3 quokkas
  2 frilled lizards
  6 kobolds
  2 rats
55 creatures vanquished.

Vanquished Creatures (others)
  A white imp (D:5)
  A fungus (D:2)
2 creatures vanquished.

Grand Total: 57 creatures vanquished

Notes
Turn   | Place    | Note
-------+----------+-------------------------------------------
     0 | D:1      | CowFu the Demonspawn Fighter began the quest for the Orb.
     0 | D:1      | Reached XP level 1. HP: 18/18 MP: 1/1
   505 | D:1      | Gained mutation: You sometimes gain a little power by
                  | taking damage. [demonic ancestry]
   505 | D:1      | Reached XP level 2. HP: 24/24 MP: 2/2
  1121 | D:2      | Found a faded altar of an unknown god.
  1148 | D:2      | Prayed at the altar of an unknown god.
  1148 | D:2      | Became a worshipper of Qazlal Stormbringer
  1148 | D:2      | Reached * piety under Qazlal
  1690 | D:2      | Discovered your monstrous ancestry.
  1690 | D:2      | Gained mutation: You have a pair of small antennae on your
                  | head. [demonic ancestry]
  1690 | D:2      | Reached XP level 3. HP: 21/29 MP: 3/3
  1983 | D:3      | Found a snail-covered altar of Cheibriados.
  1984 | D:3      | Found a sparkling altar of Nemelex Xobeh.
  2709 | D:4      | Found a shadowy altar of Dithmenos.
  2908 | D:4      | Reached skill level 1 in Invocations
  2992 | D:4      | Reached ** piety under Qazlal
  3044 | D:4      | Gained mutation: Your touch may inflict minor irresistible
                  | damage on your foes. [demonic ancestry]
  3044 | D:4      | Reached XP level 4. HP: 9/35 MP: 4/4
  3290 | D:4      | Found Jifim's Assorted Antiques.
  3296 | D:4      | Bought a scroll labelled UFOCAC KOPUO for 32 gold pieces
  3296 | D:4      | Bought a scroll labelled NEITZO XYSOSCH for 32 gold pieces
  3431 | D:4      | Reached skill level 1 in Dodging
  3585 | D:4      | Found a staircase to the Ecumenical Temple.
  3720 | D:5      | Entered Level 5 of the Dungeon
  3720 | D:5      | Noticed a phantom
  3720 | D:5      | Noticed a scorpion
  3748 | D:4      | Killed a scorpion
  3749 | D:4      | Gained mutation: Your touch may inflict irresistible damage
                  | on your foes. [demonic ancestry]
  3749 | D:4      | Reached XP level 5. HP: 18/42 MP: 6/6
  3939 | D:5      | Killed a phantom
  3985 | D:5      | Reached XP level 6. HP: 48/48 MP: 8/8
  4158 | D:5      | Noticed an ice beast
  4162 | D:5      | Killed an ice beast
  4370 | D:5      | Noticed a steam dragon
  4373 | D:5      | Noticed a two-headed ogre
  4376 | D:5      | HP: 2/48 [steam dragon (1)]
  4382 | D:5      | Killed from afar by a steam dragon

Illustrated notes

Levels and vault maps discovered:
D:1:      heliophobic_arrival_ceremonial_halls, layout_basic
D:2:      layout_loops_ring, shapermc_ecumenical_altar_ellora,
          minmay_randomly_rotated_circles
D:3:      kennysheep_big_flooded_room, layout_basic, tso_metal_star,
          nicolae_overflow_squiral
D:4:      layout_rooms, nicolae_dithmenos_shadow_blocks,
          minmay_temple_entry_poolview, serial_rivers,
          chequers_serial_rivers_micro_c, chequers_serial_rivers_micro_c,
          chequers_serial_rivers_large_a, chequers_serial_rivers_micro_c,
          chequers_serial_rivers_micro_b, chequers_serial_rivers_micro_a,
          serial_shops, shop_fountains, dk_noncrumbling_4
D:5:      layout_rooms, lemuel_crystal_altar,
          lemuel_mausoleum_altar_yredelemnul, mainiacjoe_overflow_alcove_1,
          minmay_manual_maat

Skill      XL: |  1  2  3  4  5  6 |
---------------+-------------------+-----
Long Blades    | 2 3 |  3.4
Armour         | 3 4 |  4.0
Shields        | 3 |  3.1
Invocations    | 1 2 3 |  3.6
Dodging        | 1 2 |  2.4
Fighting       | 4 |  4.0

Action                   |  1- 3 |  4- 6 || total
-------------------------+-------+-------++-------
Melee: Long sword        |   136 |    54 ||   190
       Touch             |       |    15 ||    15
       Punch             |       |     1 ||     1
  Use: Potion            |       |     7 ||     7
       Scroll            |       |     1 ||     1
Armor: Scale mail        |    18 |       ||    18
       Chain mail        |    74 |    40 ||   114
Dodge: Dodged            |    51 |    18 ||    69
Block: Buckler           |    38 |       ||    38
       Other             |       |    10 ||    10

Table legend: (Time is in decaauts)
 A = Elapsed time spent in this place.
 B = Non-inter-level travel time spent in this place.
 C = Inter-level travel time spent in this place.
 D = Time resting spent in this place.
 E = Time spent auto-exploring this place.
 F = Levels seen in this place.
 G = Mean time per level.
                   A        B        C        D        E       F      G
               +--------+--------+--------+--------+--------+-----+--------+
         Total |   4435 |   4282 |    153 |      0 |   3706 |   5 |  887.0 |
       Dungeon |   4435 |   4282 |    153 |      0 |   3706 |   5 |  887.0 |
               +--------+--------+--------+--------+--------+-----+--------+

Top non-repeatable levels by time:
     D:4: 1237 daAuts
     D:1: 1014 daAuts
     D:3: 890 daAuts
     D:2: 825 daAuts
     D:5: 467 daAuts
